 Dungeon Sprint DCSS version 0.27.1-4-g1640c2035a (webtiles) character file.

Game seed: 3051294842255507497

132 boopmooplesden the Blocker (level 8, 0/73 HPs)
             Began as a Minotaur Fighter on Nov 10, 2021.
             Was a Priest of Okawaru.
             Slain by an orc knight (25 damage)
             ... in the Dungeon (Sprint VI: "Thunderdome").
             The game lasted 00:03:44 (411 turns).

boopmooplesden the Blocker (Minotaur Fighter)        Turns: 411, Time: 00:03:45

Health: 0/73       AC: 11    Str: 26      XL:     8   Next: 44%
Magic:  4/6        EV: 14    Int:  8 (9)  God:    Okawaru [***...]
Gold:   157        SH: 20    Dex: 14      Spells: 7/7 levels left

rFire    x . .     SeeInvis +   a - +0 long sword
rCold    + + .     Faith    .   c - +0 kite shield
rNeg     + . .     Spirit   .   b - +0 scale mail
rPois    +         Reflect  +   (helmet restricted)
rElec    .         Harm     .   q - +0 cloak
rCorr    .         Rampage  .   p - +0 pair of gloves
Will     .....     NoTele   +   (no boots)
Stlth    ++........             e - amulet of the Many Places {Reflect rC+ rN+ Dex+4 SH+5}
HPRegen  0.00/turn              d - ring "Tilich" {rPois Str+6 SInv}
MPRegen  0.10/turn              o - ring of Plog {Ice Str+3 Int+4 Dex-2}

@: heroic, inhibited regen
A: horns 2, retaliatory headbutt, deformed body, deterioration 1, frail 1, low
mp 1, inhibited regeneration, weak 2, MP-powered wands
a: Renounce Religion, Heroism


You were in the Dungeon.
You worshipped Okawaru.
Okawaru was most pleased with you.
You visited 1 branch You collected 400 gold pieces.
You spent 243 gold pieces at shops.

Inventory:

Hand Weapons
 a - a +0 long sword (weapon)
Armour
 b - a +0 scale mail (worn)
 c - a +0 kite shield (worn)
 p - a +0 pair of gloves (worn)
 q - a +0 cloak (worn)
Jewellery
 d - the ring "Tilich" (left hand) {rPois Str+6 SInv}
   (You bought it in a shop in the Dungeon)

   [ring of strength]

   Str:       It affects your strength (+6).
   rPois:     It protects you from poison.
   SInv:      It lets you see invisible.
 e - the amulet of the Many Places (around neck) {Reflect rC+ rN+ Dex+4 SH+5}
   (You bought it in a shop in the Dungeon)

   [amulet of reflection]

   It reflects blocked missile attacks.
   Dex:       It affects your dexterity (+4).
   rC:        It protects you from cold.
   rN:        It protects you from negative energy.
   SH:        It affects your SH (+5).
 o - the ring of Plog (right hand) {Ice Str+3 Int+4 Dex-2}
   (You bought it in a shop in the Dungeon)

   [ring of ice]

   It enhances your ice magic.
   Str:       It affects your strength (+3).
   Int:       It affects your intelligence (+4).
   Dex:       It affects your dexterity (-2).
   rF:        It makes you vulnerable to fire.
   rC:        It protects you from cold.
Wands
 k - a wand of acid (5)
 l - a wand of iceblast (5)
Scrolls
 j - 4 scrolls of blinking
 m - 3 scrolls of fog
Potions
 f - 2 potions of heal wounds
 g - 4 potions of haste
 h - 2 potions of magic
 i - a potion of berserk rage
 n - a potion of resistance


   Skills:
 + Level 11.3(16.3) Fighting
 + Level 9.3(14.3) Long Blades
 + Level 11.8(16.8) Armour
 + Level 4.1(9.1) Dodging
 + Level 12.8(17.8) Shields


You had 7 spell levels left.
You didn't know any spells.
Your spell library was empty.

Dungeon Overview and Level Annotations

Branches:
Dungeon (1/1)

Altars:
Cheibriados
Dithmenos
Fedhas
Gozag
Kikubaaqudgha
Makhleb
Okawaru
Qazlal
Ru
Sif Muna
Trog
Uskayaw
Vehumet
Wu Jian
Xom
Yredelemnul
Zin
The Shining One
Beogh
Jiyva
Lugonu

Shops:
D *[??*?*:[((!!!!


Innate Abilities, Weirdness & Mutations

You have a pair of horns on your head.
You reflexively headbutt those who attack you in melee.
Armour fits poorly on your strangely shaped body.
Your body sometimes deteriorates upon taking damage.
You are frail. (-10% HP)
Your magical capacity is low. (-10% MP)
You do not regenerate when monsters are visible.
You are very weak. (Str -4)
You expend magic power (3 MP) to strengthen your wands.


Message History

You hit the troll.
The troll is severely wounded.
You block the troll's attack. x2; The troll claws you.
You hit the troll but do no damage. You headbutt the troll!
The troll is almost dead.
The troll bites you! You block the troll's attack. x2
You closely miss the troll.
The troll is severely wounded.
You block the troll's attack. x2; The troll barely misses you.
You slash the troll!
You kill the troll!
Okawaru accepts your kill.
The troll leather armour is intact enough to wear.
Your Long Blades skill increases to level 9!
Your Dodging skill increases to level 4!
Things that are here:
a +0 troll leather armour; a troll corpse
There is a staircase leading out of the dungeon here.
An orc knight comes into view. It is wielding a +0 glaive.
The orc knight shouts!
You gain the combat prowess of a mighty hero.
You block the orc knight's attack.
You hit the orc knight. Your headbutt misses the orc knight.
The orc knight is lightly wounded.
You slash the orc knight!
The orc knight is lightly wounded.
The orc knight hits you with a +0 glaive!!
Your body deteriorates!
You feel dopey.
You barely miss the orc knight.
You headbutt the orc knight, but do no damage.
The orc knight is lightly wounded.
An orc warrior comes into view. It is wielding a +0 glaive.
You block the orc knight's attack.
The orc warrior shouts!
You slash the orc knight!
The orc knight is moderately wounded.
You slash the orc knight!
The orc knight is heavily wounded.
The orc knight hits you with a +0 glaive!!
You die...

##⌠⌠⌠## #.....# ##.....##
##∩.....∩## #∩.......∩#
#_......._# #_.o......#
#_.@....._# ###.........###
#⌠.........o.⌠#
######.8.........8.######
##.___......###......___∩##
###∩........8.# #.8........∩##
##.............###.............
#⌠..........###...###..........
#⌠..........# #.<.# #..........


You could see an orc knight and an orc warrior.

Vanquished Creatures
  A troll (D)
  6 neqoxecs (D)
  A water moccasin (D)
  6 scorpions (D)
  3 giant cockroaches (D)
17 creatures vanquished.

Notes
Turn   | Place    | Note
-------+----------+-------------------------------------------
     0 | D        | boopmooplesden the Minotaur Fighter began the quest for the
                  | Orb.
     0 | D        | Reached XP level 1. HP: 19/19 MP: 0/0
     1 | D        | Found a sacrificial altar of Ru.
     1 | D        | Found a basalt altar of Yredelemnul.
     2 | D        | Found a shadowy altar of Dithmenos.
     2 | D        | Found a shimmering blue altar of Sif Muna.
     3 | D        | Found an opulent altar of Gozag.
     4 | D        | Found a viscous altar of Jiyva.
     4 | D        | Found an ornate altar of the Wu Jian Council.
     4 | D        | Found Wieschena's Identification Station.
     5 | D        | Found Lerauck's Jewellery.
     5 | D        | Found Etsuepatoi's Advanced Armour.
     5 | D        | Round 1.
     7 | D        | Noticed a scorpion
    19 | D        | Killed a scorpion
    20 | D        | Reached skill level 5 in Shields
    20 | D        | Reached XP level 2. HP: 19/30 MP: 1/1
    20 | D        | Reached XP level 3. HP: 24/37 MP: 2/2
    21 | D        | Bought an ancient steel ring for 45 gold pieces
    21 | D        | Identified the ring "Tilich" {rPois Str+6 SInv} (You bought
                  | it in a shop in the Dungeon)
    21 | D        | Bought a crude copper amulet for 45 gold pieces
    21 | D        | Identified the amulet of the Many Places {Reflect rC+ rN+
                  | Dex+4 SH+5} (You bought it in a shop in the Dungeon)
    21 | D        | Bought a coiled bronze ring for 45 gold pieces
    21 | D        | Identified the ring of Plog {Ice Str+3 Int+4 Dex-2} (You
                  | bought it in a shop in the Dungeon)
    33 | D        | Found a glowing silver altar of Zin.
    34 | D        | Found Podenin's Magic Scroll Shop.
    34 | D        | Noticed a scorpion
    35 | D        | Found Saalei's Magic Scroll Shop.
    35 | D        | Found Zuczizas's Must-Have Magic.
    36 | D        | Found a blossoming altar of Fedhas.
    36 | D        | Found a stormy altar of Qazlal.
    36 | D        | Found Noov's Staff Store.
    38 | D        | Killed a scorpion
    39 | D        | Reached skill level 7 in Shields
    39 | D        | Reached XP level 4. HP: 22/47 MP: 3/3
    43 | D        | Found a shimmering altar of Xom.
    44 | D        | Found a hide-covered altar of Uskayaw.
    45 | D        | Found a corrupted altar of Lugonu.
    46 | D        | Found Kofeuwiy's Distillery.
    51 | D        | Found a burning altar of Makhleb.
    51 | D        | Found Yghaimom's Do-It-Yourself Clinic.
    52 | D        | Found Efogorch's Distillery.
    52 | D        | Found Meuloin's Bottled Wisdom.
    56 | D        | Found a snail-covered altar of Cheibriados.
    57 | D        | Found a glowing golden altar of the Shining One.
    58 | D        | Found a radiant altar of Vehumet.
    59 | D        | Found Ataevi's Weapon Rack.
    60 | D        | Found Keuxzack's Basic Armour.
    60 | D        | Found Plog's Miscellaneous Merchandise.
    61 | D        | Found an iron altar of Okawaru.
    61 | D        | Found a bloodstained altar of Trog.
    61 | D        | Found an ancient bone altar of Kikubaaqudgha.
    61 | D        | Found Towikiz's Premium Goods.
    72 | D        | Became a worshipper of Warmaster Okawaru
    74 | D        | Arena points: 12 (+12) [x2]
    85 | D        | Bought a +0 pair of gloves for 54 gold pieces
   144 | D        | Round 2.
   149 | D        | Noticed a scorpion
   151 | D        | Noticed a scorpion
   153 | D        | Noticed a scorpion
   155 | D        | Noticed a water moccasin
   156 | D        | Killed a scorpion
   157 | D        | Reached skill level 8 in Shields
   157 | D        | Reached XP level 5. HP: 53/53 MP: 4/4
   170 | D        | Killed a water moccasin
   170 | D        | Reached * piety under Okawaru
   171 | D        | Reached skill level 5 in Long Blades
   171 | D        | Reached skill level 1 in Dodging
   171 | D        | Reached skill level 9 in Shields
   171 | D        | Reached XP level 6. HP: 25/63 MP: 5/5
   176 | D        | Reached skill level 10 in Armour
   176 | D        | Reached skill level 10 in Shields
   177 | D        | Arena points: 48 (+36) [x3]
   196 | D        | Bought a +0 cloak for 54 gold pieces
   218 | D        | Round 3.
   227 | D        | Noticed a neqoxec
   238 | D        | Noticed a neqoxec
   239 | D        | Gained mutation: You are weak. (Str -2) [a neqoxec]
   242 | D        | Killed a neqoxec
   242 | D        | Reached ** piety under Okawaru
   243 | D        | Reached skill level 10 in Fighting
   243 | D        | Reached XP level 7. HP: 33/72 MP: 3/6
   243 | D        | Noticed a neqoxec
   246 | D        | Noticed a neqoxec
   249 | D        | Killed a neqoxec
   250 | D        | Reached skill level 11 in Shields
   254 | D        | Gained mutation: You are very weak. (Str -4) [a neqoxec]
   258 | D        | Killed a neqoxec
   266 | D        | Noticed a neqoxec
   267 | D        | Killed a neqoxec
   268 | D        | Reached skill level 12 in Shields
   270 | D        | Gained mutation: Your magical capacity is low. (-10% MP) [a
                  | neqoxec]
   272 | D        | Gained mutation: You do not regenerate when monsters are
                  | visible. [a neqoxec]
   274 | D        | Gained mutation: Armour fits poorly on your strangely
                  | shaped body. [a neqoxec]
   275 | D        | Gained mutation: You are frail. (-10% HP) [a neqoxec]
   276 | D        | Gained mutation: Your body sometimes deteriorates upon
                  | taking damage. [a neqoxec]
   277 | D        | Killed a neqoxec
   278 | D        | Reached XP level 8. HP: 33/73 MP: 6/6
   307 | D        | Gained mutation: You expend magic power (3 MP) to
                  | strengthen your wands. [a neqoxec]
   311 | D        | Reached *** piety under Okawaru
   311 | D        | Arena points: 132 (+84) [x4]
   365 | D        | Round 4.
   380 | D        | Noticed a troll
   388 | D        | Killed a troll
   402 | D        | Noticed an orc knight
   411 | D        | Slain by an orc knight

Illustrated notes

Levels and vault maps discovered:
D:        arena_sprint

Skill      XL: |  1  2  3  4  5  6  7  8 |
---------------+-------------------------+-----
Fighting       | 6 7 8 9 10 11 | 11.3
Long Blades    | 3 4 5 6 8 9 |  9.3
Armour         | 6 7 8 9 10 11 | 11.8
Shields        | 5 7 8 9 10 12 | 12.8
Dodging        | 1 2 3 4 |  4.1

Action                   |  1- 3 |  4- 6 |  7- 9 || total
-------------------------+-------+-------+-------++-------
Melee: Long sword        |     8 |    29 |    44 ||    81
       Headbutt          |     2 |     7 |     9 ||    18
Invok: Heroism           |       |     1 |     1 ||     2
  Use: Potion            |     2 |     1 |     1 ||     4
Armor: Scale mail        |     4 |     9 |       ||    13
Dodge: Dodged            |     3 |     9 |     5 ||    17
Block: Kite shield       |     2 |    32 |    29 ||    63
       Rpst.: Long sword |       |     4 |     1 ||     5
